[Event "Early-Titled-Tuesday-Blitz-April-16-2024"]
[Site "Chess.com"]
[Date "2024.04.16"]
[Round "7"]
[White "Sasha_Solovev_777"]
[Black "Juicy_Fork"]
[Result "1-0"]
[WhiteElo "2205"]
[BlackElo "2475"]
[TimeControl "180+1"]
[EndTime "9:21:07 PDT"]
[Termination "Sasha_Solovev_777 won by checkmate"]

1. e4 e5 2. Nf3 Nc6 3. Bb5 a6 4. Ba4 d6 5. Nc3 Bd7 6. a3 g6 7. O-O Bg7 8. d3 Nf6 9. Bg5 h6 10. Bd2 O-O 11. h3 b5 12. Bb3 Nd4 13.
Nxd4 exd4 14. Ne2 c5 15. c3 dxc3 16. bxc3 c4 17. dxc4 Nxe4 18. cxb5 Bxb5 19. Bd5 Nxd2 20. Qxd2 Rc8 21. Rac1 Qa5 22. Rfd1 Qxa3 23. c4 Ba4 24.
Re1 Bc6 25. Nf4 Kh7 26. Bxc6 Rxc6 27. Qd5 Qc5 28. Qxc5 dxc5 29. Nd5 Bd4 30. Re7 Kg7 31. Ra7 Rb8 32. Rc2 h5 33. g3 Rb3 34. Kg2 Ra3 35. Re2 Kf8 36. Ree7 Re6 37. Rxf7+ Kg8 38. Rfd7 Re8 39.
Ne7+ Kf7 40. Nf5+ Ke6 41. Nxd4+ cxd4 42. Rxd4 Ra2 43. Re4+ Kf5 44. Rxe8 a5 45. Rf8+ Kg5 46. Ra6 h4 47. gxh4+ Kxh4 48. Rfa8 a4 49. Rxa4 Rc2 50. c5+ Kh5 51. Rc8 g5 52. c6 g4 53. Rxg4 Kh6 54. Rh8# 1-0

[Event "Early-Titled-Tuesday-Blitz-April-16-2024"]
[Site "Chess.com"]
[Date "2024.04.16"]
[Round "7"]
[White "Orest_Vovk"]
[Black "BashirliSaadat"]
[Result "0-1"]
[WhiteElo "2540"]
[BlackElo "2354"]
[TimeControl "180+1"]
[EndTime "9:21:10 PDT"]
[Termination "BashirliSaadat won by resignation"]

1. h4 d5 2. h5 c6 3. e4 dxe4 4. Nc3 Nf6 5. Rh4 Nbd7 6. g4 h6 7.
d3 exd3 8. Bxd3 Ne5 9. Be2 Qxd1+ 10. Bxd1 Nexg4 11. Nf3 e5 12. Bd2 Bc5 13. Be3 Bxe3 14. fxe3 Nxe3 15. Kd2 Nf5 16. Rh2 e4 17. Re2 e3+ 18.
Kc1 Nxh5 19. Nd4 Nhg3 20. Re1 O-O 21. Nxf5 Nxf5 22. Bg4 Re8 23. b3 Nd4 24. Bxc8 Raxc8 25. Kb2 b5 26. Rad1 Nf3 27. Re2 h5 28. Rd3 g5 29.
Rdxe3 Rxe3 30. Rxe3 g4 31. Ne4 Kg7 32. Nd6 Rd8 33.
Rd3 Kg6 34. c4 bxc4 35. bxc4 h4 36. c5 h3 37. Rd1 h2 38. Rf1 Ng1 39. Ne4 h1=Q 40.
Rf6+ Kg7 41. Rf4 Qh2+ 42. Rf2 Qe5+ 43. Nc3 Rd3 44. Rc2 Ne2 45. Rxe2 Qxc3+ 0-1

[Event "Early-Titled-Tuesday-Blitz-April-16-2024"]
[Site "Chess.com"]
[Date "2024.04.16"]
[Round "7"]
[White "Egor_Koshulyan"]
[Black "Boorchess"]
[Result "1-0"]
[WhiteElo "2720"]
[BlackElo "2508"]
[TimeControl "180+1"]
[EndTime "9:21:11 PDT"]
[Termination "Egor_Koshulyan won by resignation"]

1. f4 e5 2. fxe5 d6 3. Nf3 Nc6 4. e4 Nxe5 5. d4 Nxf3+ 6. Qxf3 Qf6 7. Qd3 Qg6 8. Nc3 c6 9. Be3 Nf6 10. O-O-O Be7 11. h3 d5 12. exd5 Qxd3 13. Bxd3 Nxd5 14. Nxd5 cxd5 15. Rhe1 Be6 16. c3 a6 17. Bf4 Kd7 18.
g4 h5 19. Bf5 hxg4 20. hxg4 Bxf5 21. gxf5 Bf6 22. Be5 Rh5 23. Bxf6 gxf6 24. Rf1 Rg8 25. Rf2 Rgg5 26. Rdf1 b5 27. Kc2 Kc6 28. Kb3 a5 29. a4 Kb6 30. Ka3 b4+ 31. cxb4 Rh3+ 32. Rf3 Rxf5 33.
Rxh3 Rxf1 34. bxa5+ Kxa5 35. Rh5 f5 36. b4+ Kb6 37.
Rh6+ Kc7 38. Rf6 Rf3+ 39. Kb2 Rd3 40. Rxf7+ Kd6 41. Rf6+ Kc7 42. Rxf5 Rxd4 43. Kc3 Rc4+ 44. Kb3 Kd6 45. a5 Rc1 46. Ka4 d4 47. Rf8 Kd7 48.
Rf4 Rd1 49. Kb5 d3 50. Rd4+ Kc7 51. a6 d2 52. Rd3 Kc8 53. Kb6 Rb1 54. a7 Rxb4+ 55.
Ka5 1-0

[Event "Early-Titled-Tuesday-Blitz-April-16-2024"]
[Site "Chess.com"]
[Date "2024.04.16"]
[Round "7"]
[White "IsaqueGoncalvesSanto"]
[Black "AlainBruxelles"]
[Result "0-1"]
[WhiteElo "1862"]
[BlackElo "2347"]
[TimeControl "180+1"]
[EndTime "9:21:11 PDT"]
[Termination "AlainBruxelles won on time"]

1. d4 Nf6 2. c4 e6 3. Nc3 Bb4 4. e3 c5 5. a3 Bxc3+ 6. bxc3 Nc6 7. d5 Na5 8. Nf3 b6 9. Qc2 Ba6 10. Qa2 O-O 11. Nd2 Re8 12. Be2 h6 13. Bf3 exd5 14. cxd5 Bd3 15. c4 b5 16. cxb5 c4 17. Bb2 Rc8 18. Bc3 Nb7 19. Qb2 Nc5 20. Bxf6 Qxf6 21. Qxf6 gxf6 22. Be2 c3 23. Nf3 c2 24. Bxd3 Nxd3+ 25. Kd2 Nxf2 26. Rhc1 Ne4+ 27. Kd3 Rc3+ 28. Kd4 f5 29. Ra2 Rec8 30. Ne5 d6 31. Nc6 Kf8 32. Rcxc2 Rb3 33. a4 Nc5 34. Rcb2 Rd3+ 35. Kc4 Rxe3 36. Re2 f4 37. Rxe3 fxe3 38. Re2 Re8 39. Kd4 Re4+ 40.
Kc3 f5 41. a5 f4 42. Nxa7 Ra4 43. a6 Ne4+ 44. Kd3 Nf2+ 45. Kc3 Ra3+ 46. Kb4 Rd3 0-1

[Event "Early-Titled-Tuesday-Blitz-April-16-2024"]
[Site "Chess.com"]
[Date "2024.04.16"]
[Round "7"]
[White "NastyaHn"]
[Black "GatoRojo150"]
[Result "0-1"]
[WhiteElo "2477"]
[BlackElo "2609"]
[TimeControl "180+1"]
[EndTime "9:21:12 PDT"]
[Termination "GatoRojo150 won on time"]

1. Nc3 e5 2. Nf3 Nc6 3. d4 exd4 4. Nxd4 Bb4 5. Nxc6 bxc6 6. Qd4 Bxc3+ 7. Qxc3 Qf6 8. Qg3 d6 9. c3 h6 10. Be3 c5 11.
Bd2 Rb8 12. b3 Ne7 13. e4 O-O 14. Bd3 Ng6 15. O-O Ne5 16. Bc2 Ba6 17. c4 Rfe8 18. Bc3 Qg6 19. Qh3 Bc8 20. Qe3 f5 21. Rae1 Bb7 22. f3 fxe4 23. Bxe4 Bxe4 24. Qxe4 Qf7 25.
f4 Ng4 26. Qf3 Nf6 27. g3 Rxe1 28. Rxe1 Re8 29. Re3 Rxe3 30. Qxe3 Ng4 31. Qf3 Qf5 32. Qa8+ Kh7 33. Qf3 Qb1+ 34. Kg2 Qc2+ 35. Kh3 h5 0-1

[Event "Early-Titled-Tuesday-Blitz-April-16-2024"]
[Site "Chess.com"]
[Date "2024.04.16"]
[Round "7"]
[White "N_I_Chess"]
[Black "Djager97"]
[Result "0-1"]
[WhiteElo "2389"]
[BlackElo "2561"]
[TimeControl "180+1"]
[EndTime "9:21:13 PDT"]
[Termination "Djager97 won by resignation"]

1. d4 Nf6 2. c4 c5 3. d5 d6 4. Nc3 g6 5. e4 Bg7 6. f4 O-O 7. Nf3 e6 8. Be2 exd5 9. cxd5 b5 10. e5 dxe5 11. fxe5 Ng4 12. Bg5 Qb6 13. O-O c4+ 14.
Kh1 Bb7 15. Ne4 Nd7 16. Nd6 Ndxe5 17. Nxb7 Qxb7 18. Qd2 Nxf3 19. Bxf3 Ne5 20. d6 Nxf3 21.
Rxf3 f6 22. Bh6 Rad8 23. Bxg7 Kxg7 24. Rd1 Rd7 25. Qd4 Qc6 26. h3 a5 27. a3 b4 28. Re3 Rff7 29. axb4 axb4 30. Re2 Rf8 31. Rc2 Rfd8 32. Rxc4 Rxd6 33. Rxc6 Rxd4 34. Rxd4 Rxd4 35.
Rc7+ Kh6 36. Rb7 Kg5 37. Kg1 h5 38. Kh2 h4 39. Rb6 Kf5 40. Rb5+ Ke4 41. Rb6 Kd3 42. Rxf6 Kc2 43. Rf2+ Kb3 44. g3 g5 45. gxh4 gxh4 46.
Kg2 Rc4 47. Kf3 Rc2 48. Rf1 Kxb2 49. Kg4 Rc4+ 50. Kh5 b3 51. Rg1 Ka2 52. Rg4 Rxg4 53. Kxg4 b2 54. Kxh4 b1=Q 55. Kh5 Qh7+ 56. Kg4 Kb3 57.
h4 Kc4 58. h5 Kd4 59. Kh4 Ke4 60. Kg5 Qg7+ 61. Kh4 Kf4 0-1

[Event "Early-Titled-Tuesday-Blitz-April-16-2024"]
[Site "Chess.com"]
[Date "2024.04.16"]
[Round "7"]
[White "sokidze"]
[Black "MokshAD1603"]
[Result "0-1"]
[WhiteElo "2802"]
[BlackElo "2628"]
[TimeControl "180+1"]
[EndTime "9:21:15 PDT"]
[Termination "MokshAD1603 won on time"]

1. e4 e5 2. Nf3 Nc6 3. Bb5 a6 4. Ba4 Nf6 5. Nc3 Be7 6. d3 b5 7. Bb3 d6 8. a3 Bg4 9. Be3 Nd4 10. Bxd4 exd4 11. Nd5 c6 12. Nf4 d5 13. exd5 Qd6 14.
h3 Qxf4 15. hxg4 c5 16. g5 Ng4 17. Qc1 Bxg5 18. Qxf4 Bxf4 19. O-O Kd7 20. g3 Bd6 21. c4 Rab8 22. Rab1 Rhe8 23. Bd1 Nf6 24. Nd2 Kc7 25. Bf3 b4 26. Ra1 bxa3 27. b3 Nd7 28. Rxa3 Rb6 29. Rfa1 Ra8 30. Ra5 g6 31. Kg2 f5 32. Rh1 h5 33. Re1 Ne5 34. Be2 Re8 35. Rea1 Nd7 36. Bf1 Nb8 37. R5a3 Bf8 38. Nf3 Bh6 39.
Nh4 Rg8 40. Be2 Re8 41. R1a2 Kb7 42. Bf1 Bc1 0-1

[Event "Early-Titled-Tuesday-Blitz-April-16-2024"]
[Site "Chess.com"]
[Date "2024.04.16"]
[Round "7"]
[White "manitodeplomo"]
[Black "tantaan"]
[Result "1/2-1/2"]
[WhiteElo "2630"]
[BlackElo "2508"]
[TimeControl "180+1"]
[EndTime "9:21:15 PDT"]
[Termination "Game drawn by repetition"]

1. d4 Nf6 2. c4 e6 3. Nf3 Bb4+ 4. Bd2 Qe7 5. g3 Bxd2+ 6. Qxd2 Nc6 7. Nc3 d5 8. Bg2 dxc4 9. O-O O-O 10. Rfc1 Rd8 11. e3 Nb4 12. Ne5 c5 13. a3 Nd3 14. Nxd3 cxd4 15.
Ne5 dxc3 16. Qxc3 Bd7 17. Bxb7 Rab8 18. Bc6 Rdc8 19. Bxd7 Nxd7 20. Nxc4 h6 21. b4 Rc7 22. Qb2 Rbc8 23. Na5 Ne5 24. Rxc7 Qxc7 25. Rd1 g5 26.
h3 Qc3 27. Qxc3 Rxc3 28. Rd8+ Kg7 29. Ra8 Rxa3 30. Rxa7 Ra1+ 31. Kg2 Nd3 32. Nc6 Rxa7 33. Nxa7 Nxb4 34. Nb5 Kf6 35. Nd4 Ke5 36. Nf3+ Kf6 37. Nh2 Nd5 38. Ng4+ Kg6 39. Ne5+ Kf6 40. Ng4+ Kg6 41.
Kf3 f5 42. Ne5+ Kf6 43. Nd7+ Ke7 44. Ne5 Kf6 45. Nd7+ Ke7 46. Ne5 Kf6 1/2-1/2

[Event "Early-Titled-Tuesday-Blitz-April-16-2024"]
[Site "Chess.com"]
[Date "2024.04.16"]
[Round "7"]
[White "yonaltimur"]
[Black "Dinosaurio_1975"]
[Result "0-1"]
[WhiteElo "2433"]
[BlackElo "2583"]
[TimeControl "180+1"]
[EndTime "9:21:16 PDT"]
[Termination "Dinosaurio_1975 won by resignation"]

1. e4 c6 2. c4 d5 3. cxd5 cxd5 4. exd5 Nf6 5. Nc3 Nxd5 6. Bb5+ Nc6 7. Qa4 Nb6 8.
Bxc6+ bxc6 9. Qxc6+ Bd7 10. Qf3 g6 11. Nge2 Bg7 12.
O-O Rc8 13. d3 O-O 14. Be3 Bc6 15. Qg3 Nd5 16. Nxd5 Qxd5 17. Nc3 Qxd3 18. Bxa7 Qc2 19. Rab1 Ra8 20. Rfc1 Qf5 21. Be3 Rfb8 22. Bd2 Rb4 23. h3 Rc4 24. b3 Rc5 25. Rb2 Rd8 26. Rbc2 Be5 27. Qe3 Rd3 28. Qxc5 Bh2+ 29. Kxh2 Qxc5 30. Ne2 Qxf2 31. Rxc6 Rxd2 32. Rc8+ Kg7 33. R1c2 Qxe2 34. Rxd2 Qxd2 35. a4 Qb4 36. a5 Qxa5 37. Rc4 Qe5+ 38. Kg1 Qe3+ 39. Kf1 Qd3+ 0-1

[Event "Early-Titled-Tuesday-Blitz-April-16-2024"]
[Site "Chess.com"]
[Date "2024.04.16"]
[Round "7"]
[White "schachlana"]
[Black "Bilan_Danila"]
[Result "1-0"]
[WhiteElo "2338"]
[BlackElo "2524"]
[TimeControl "180+1"]
[EndTime "9:21:16 PDT"]
[Termination "schachlana won on time"]

1. e4 c6 2. Nf3 d5 3. exd5 cxd5 4. d4 Nc6 5. Ne5 Nf6 6. Bb5 Bd7 7. Nxd7 Qxd7 8. c3 e6 9. O-O Bd6 10. Nd2 O-O 11.
Nf3 Ne4 12. Re1 Qc7 13. Bd3 f5 14. c4 Kh8 15. c5 Bf4 16. a3 Rf6 17. Bxf4 Qxf4 18.
g3 Rg6 19. Qe2 Rf8 20. Kh1 Qg4 21. Nh4 Rh6 22. Qxg4 Nxf2+ 23. Kg2 Nxg4 24. h3 Nf6 25. Rxe6 Nxd4 26. Re7 f4 27. Nf5 f3+ 28. Kg1 Nxf5 29. Bxf5 g6 30. Be6 Ne4 31. Bxd5 Nxg3 32. Bxf3 Rxf3 33. Kg2 Rb3 34. Rd1 Rxb2+ 35. Kxg3 Rb3+ 36. Kg2 Rb2+ 37. Kg1 1-0

[Event "Early-Titled-Tuesday-Blitz-April-16-2024"]
[Site "Chess.com"]
[Date "2024.04.16"]
[Round "7"]
[White "Orphanator2009"]
[Black "maracayo"]
[Result "1/2-1/2"]
[WhiteElo "2518"]
[BlackElo "2378"]
[TimeControl "180+1"]
[EndTime "9:21:17 PDT"]
[Termination "Game drawn by repetition"]

1. e4 d6 2. d4 Nf6 3. Nc3 c6 4. Nf3 Qa5 5. Bd2 e5 6. dxe5 dxe5 7. Nd5 Qd8 8. Nxf6+ Qxf6 9. Bc3 Bd6 10. Bc4 O-O 11.
O-O Nd7 12. Qe2 b5 13. Bb3 a5 14. a4 Nc5 15. axb5 Nxb3 16. cxb3 cxb5 17. Rxa5 Rxa5 18.
Bxa5 Bg4 19. Rd1 Rc8 20. h3 Bh5 21. Qxb5 Bxf3 22. Qd7 Bxd1 23. Qxc8+ Bf8 24. Bb4 h5 25. Qxf8+ Kh7 26. Qd6 Bxb3 27. Qxf6 gxf6 28. f3 Kg6 29. Kf2 f5 30. Bc3 f6 31. exf5+ Kxf5 32. g4+ hxg4 33. fxg4+ Ke4 34. Kg3 f5 35. gxf5 Kxf5 36. h4 Bd1 37. b4 Ke4 38. b5 Kd5 39. Bd2 Kc5 40.
Bc3 Kxb5 41. Bxe5 Kc4 42. Kf4 Kd5 43. Bf6 Ke6 44. Kg5 Kf7 45. Bd4 Kg8 46. Kh6 Bc2 47. Be3 Bh7 48. Bf4 Be4 49. Kg5 Bd3 50. Kf6 Bc2 51. Bg5 Kh7 52. Ke5 Bb1 53. Kd4 Bc2 54. Kc3 Bg6 55. Kd2 Bh5 56. Ke3 Bg6 57. Kf4 Bh5 58.
Kg3 Bg6 59. Kg4 Bf7 60. Kf5 Bh5 61. Kf6 Bg6 62. Bf4 Bh5 63. Kg5 Bg6 64. Bg3 Bf7 65.
Be5 Bg8 66. Kf6 Ba2 67. Bf4 Bb1 68. Bg5 Ba2 69. Ke5 Bb1 70. Kd4 Ba2 71. Ke3 Bb1 72.
Kd2 Bg6 73. Kc3 Bh5 74. Kd4 Bg6 75. Ke3 Bh5 76. Kf4 Bg6 77. Kg3 Bb1 78. Kg4 Ba2 79.
Kh5 Bb1 80. Kg4 Ba2 81. Kg3 Bb3 82. Bf4 Ba2 83. Bg5 Bb3 84. Bf4 Ba2 85. Bg5 1/2-1/2

[Event "Early-Titled-Tuesday-Blitz-April-16-2024"]
[Site "Chess.com"]
[Date "2024.04.16"]
[Round "7"]
[White "AlessiaSanteramo"]
[Black "NasirAkylbekov"]
[Result "0-1"]
[WhiteElo "2320"]
[BlackElo "2490"]
[TimeControl "180+1"]
[EndTime "9:21:17 PDT"]
[Termination "NasirAkylbekov won on time"]

1. e4 e5 2. Nf3 Nc6 3. Bb5 a6 4. Ba4 Nf6 5. O-O Be7 6. Re1 b5 7. Bb3 O-O 8. d4 d6 9. c3 Bg4 10. d5 Na5 11. Bc2 c5 12. dxc6 Nxc6 13. h3 Bh5 14. Nbd2 d5 15. exd5 Qxd5 16. g4 Bg6 17.
Bb3 Qd6 18. Nf1 Qxd1 19. Rxd1 Rfd8 20. Be3 Be4 21. Ng5 Bg6 22. Ng3 Na5 23. Rxd8+ Rxd8 24. Bb6 Nxb3 25. Bxd8 Nxa1 26. Bxe7 Nd5 27. Bd6 f6 28. N5e4 Nf4 29. Kh2 Nc2 30. Nc5 a5 31. a4 bxa4 32.
Nxa4 Nd3 33. Kg2 Be8 34. b3 Bc6+ 35. Kf1 Na1 36. Ke2 Nc1+ 37. Kd1 Naxb3 38. Nc5 Nxc5 39.
Kxc1 Nd3+ 40. Kc2 Nxf2 41. Nf5 Kf7 42. Bc7 a4 43. Nd6+ Ke6 44. Nf5 g6 45. Ne3 Nxh3 46. c4 Nf2 0-1

[Event "Early-Titled-Tuesday-Blitz-April-16-2024"]
[Site "Chess.com"]
[Date "2024.04.16"]
[Round "7"]
[White "Oleksandr_Bortnyk"]
[Black "David_Arutinian"]
[Result "1-0"]
[WhiteElo "3044"]
[BlackElo "2836"]
[TimeControl "180+1"]
[EndTime "9:21:18 PDT"]
[Termination "Oleksandr_Bortnyk won by resignation"]

1. e4 c6 2. c4 d5 3. cxd5 cxd5 4. exd5 Nf6 5. Qa4+ Nbd7 6. Nc3 g6 7. Bc4 Bg7 8. d3 O-O 9. Nf3 a6 10. Qa3 b6 11.
O-O Bb7 12. Re1 b5 13. Bb3 Re8 14. Be3 Nb6 15. Bxb6 Qxb6 16. Qb4 Qd6 17. Qxd6 exd6 18. a3 Rxe1+ 19. Rxe1 Re8 20. Kf1 Rxe1+ 21. Kxe1 Nd7 22. d4 Kf8 23. Ke2 Nb6 24. Kd3 Ke7 25. h4 h5 26.
g3 Bh6 27. Ne1 Nd7 28. f4 Nf6 29. Nc2 Kd7 30. Ne3 Bc8 31. a4 bxa4 32. Bxa4+ Ke7 33. b4 Ng4 34. Nxg4 Bxg4 35. Bc6 Bf5+ 36. Ke3 Bc8 37. Ne4 Bg7 38. Kd3 Bh3 39. Nd2 Bc8 40. Nc4 Bf6 41.
Ke3 Bg7 42. Na5 Kd8 43. Kd3 Bh3 44. Kc3 Bf1 45. Nc4 Ke7 46. Bb7 Bg2 47. Ne3 Be4 48. Bxa6 f6 49. b5 Kd8 50. b6 g5 51. hxg5 fxg5 52. fxg5 Bf8 53. Bd3 Bf3 54. Bf5 Be7 55. g6 Bf6 56. Kd3 Bg7 57. Be4 Bg4 58. Nxg4 hxg4 59. Bf5 1-0

[Event "Early-Titled-Tuesday-Blitz-April-16-2024"]
[Site "Chess.com"]
[Date "2024.04.16"]
[Round "7"]
[White "AlphaGoosee"]
[Black "FlemingA"]
[Result "1-0"]
[WhiteElo "2574"]
[BlackElo "2420"]
[TimeControl "180+1"]
[EndTime "9:21:18 PDT"]
[Termination "AlphaGoosee won by checkmate"]

1. e4 e6 2. d4 d5 3. Nc3 Bb4 4. e5 Bxc3+ 5. bxc3 b6 6. h4 Qd7 7. h5 h6 8. Rh3 Ne7 9. Nf3 Ba6 10. Nh4 c5 11.
Rg3 Bxf1 12. Kxf1 Rg8 13. a4 Nbc6 14. Ba3 c4 15. Kg1 O-O-O 16. Bd6 f6 17. Bxe7 Nxe7 18. Nf3 Nf5 19. Rh3 Kb7 20. a5 Qc7 21. Qc1 b5 22. a6+ Ka8 23. Qe1 Qd7 24. Kh2 Ne7 25. Rg3 Nc6 26.
Rg6 Qc7 27. Rb1 Rb8 28. Kh3 Qd7 29. Qe3 Ne7 30. Rg4 Nf5 31. Qf4 Qf7 32. Rg6 Rb6 33.
exf6 gxf6 34. g4 Nd6 35. Rxf6 Qe7 36. Ne5 Ne4 37. Rf7 Qg5 38. f3 Qxf4 39. Rxf4 Ng5+ 40. Kh4 Rxa6 41. Rf6 Ra2 42. Rg6 Rf8 43. Rxh6 Nxf3+ 44.
Nxf3 Rxf3 45. Rxb5 a6 46. Rb6 Ka7 47. Rbxe6 Rxc3 48.
Rh7+ Kb8 49. Re8# 1-0

[Event "Early-Titled-Tuesday-Blitz-April-16-2024"]
[Site "Chess.com"]
[Date "2024.04.16"]
[Round "7"]
[White "imdvb6307"]
[Black "Aleksandar-Topalov"]
[Result "1-0"]
[WhiteElo "2513"]
[BlackElo "2343"]
[TimeControl "180+1"]
[EndTime "9:21:18 PDT"]
[Termination "imdvb6307 won on time"]

1. d4 e6 2. Nf3 f5 3. Bf4 Nf6 4.
e3 Be7 5. c4 O-O 6. Nc3 b6 7.
Be2 Bb7 8. h3 Ne4 9. Nxe4 Bxe4 10. O-O Bf6 11. Be5 Bxf3 12. Bxf3 c6 13. Bd6 Be7 14.
Bxe7 Qxe7 15. d5 e5 16. e4 fxe4 17. Bxe4 Qc5 18. Qd3 h6 19. a3 a5 20. b4 Qd6 21.
Qc3 axb4 22. axb4 Na6 23. dxc6 dxc6 24. b5 Nb4 25. Rab1 Ra4 26. bxc6 Nxc6 27. Rxb6 Qd4 28.
Bd5+ Kh8 29. Qxd4 Nxd4 30. Rb2 e4 31. Re1 Re8 32. Rxe4 Rxe4 33. Bxe4 g5 34. Rb6 Rxc4 35. Rxh6+ Kg7 36. Rg6+ Kf7 37. Bd5+ Kxg6 38. Bxc4 Kf5 39. f3 Ke5 40. Kf2 Nf5 41. Bd3 Nd4 42. Ke3 Ne6 43.
g3 Nc5 44. Bc4 1-0

[Event "Early-Titled-Tuesday-Blitz-April-16-2024"]
[Site "Chess.com"]
[Date "2024.04.16"]
[Round "7"]
[White "Flaccidmoves"]
[Black "NMChessToImpress"]
[Result "1/2-1/2"]
[WhiteElo "2412"]
[BlackElo "2257"]
[TimeControl "180+1"]
[EndTime "9:21:20 PDT"]
[Termination "Game drawn by repetition"]

1. e4 e6 2. d4 d5 3. Nc3 Bb4 4. e5 c5 5. a3 Bxc3+ 6. bxc3 Ne7 7.
Qg4 Qc7 8. Qxg7 Rg8 9. Qxh7 cxd4 10. Ne2 Nbc6 11. f4 dxc3 12. Qd3 d4 13. Nxd4 Nxd4 14.
Qxd4 Bd7 15. Be3 Nf5 16. Qc5 O-O-O 17. Qxc7+ Kxc7 18. Bf2 Bc6 19. Rg1 Be4 20. g4 Nd4 21. Bxd4 Rxd4 22. Rg3 Kb8 23. Rd1 Rxd1+ 24. Kxd1 Rd8+ 25.
Kc1 Rd2 26. Rxc3 Rf2 27. Bd3 Bxd3 28. Rxd3 Rxf4 29. Rg3 Rf1+ 30. Kb2 Rh1 31. Rh3 Kc7 32. Rh7 Kc6 33. h4 Kd5 34. h5 Kxe5 35. Rxf7 Rh4 36. Rg7 Kf4 37. Kc3 e5 38. Kd3 e4+ 39. Ke2 Rh2+ 40. Kf1 Kf3 41. Rf7+ Kxg4 42. Re7 Kf3 43. Rf7+ Kg4 44. Re7 Kf3 45. Rf7+ Kg4 1/2-1/2

[Event "Early-Titled-Tuesday-Blitz-April-16-2024"]
[Site "Chess.com"]
[Date "2024.04.16"]
[Round "7"]
[White "nihalsarin"]
[Black "BardArtem"]
[Result "1-0"]
[WhiteElo "3162"]
[BlackElo "2853"]
[TimeControl "180+1"]
[EndTime "9:21:24 PDT"]
[Termination "nihalsarin won by resignation"]

1. d4 d5 2. c4 dxc4 3. Nf3 Nf6 4. e3 e6 5. Bxc4 c5 6. O-O Nc6 7. Nc3 cxd4 8. exd4 Be7 9. Qe2 O-O 10. Rd1 Nb4 11.
Bg5 h6 12. Bh4 Bd7 13. a3 Nbd5 14. Nxd5 exd5 15. Bd3 Bg4 16. h3 Bxf3 17. Qxf3 Ne4 18. Bxe7 Qxe7 19. Re1 Rae8 20. Qf5 Qg5 21. Qxg5 Nxg5 22.
Re5 Ne6 23. Rd1 Rd8 24. Bf5 Nc7 25. a4 Rfe8 26. Rc1 Na6 27. f4 Kf8 28. Kf2 g6 29.
Bb1 Rxe5 30. fxe5 Ke7 31. Ke3 Rd7 32. Rc8 Rc7 33. Ra8 Rc1 34. Bd3 Rg1 35. Rxa7 Nb4 36. Rxb7+ Ke6 37. Rxb4 Rxg2 38. a5 Rxb2 39. Rxb2 1-0

[Event "Early-Titled-Tuesday-Blitz-April-16-2024"]
[Site "Chess.com"]
[Date "2024.04.16"]
[Round "7"]
[White "GMG"]
[Black "Jospem"]
[Result "0-1"]
[WhiteElo "2819"]
[BlackElo "3064"]
[TimeControl "180+1"]
[EndTime "9:21:24 PDT"]
[Termination "Jospem won on time"]

1. Nf3 c5 2. c4 Nc6 3. Nc3 g6 4. e3 Bg7 5. d4 d6 6. d5 Na5 7. e4 Nf6 8. Bd3 O-O 9. h3 a6 10. a4 e5 11. g4 Qb6 12. Nd2 Bd7 13. b3 Bh6 14. Rb1 Bf4 15. Nf3 Bxc1 16. Qxc1 Kg7 17. Ke2 h5 18. g5 Nh7 19. Bc2 f5 20. Qe3 Rf7 21. h4 Raf8 22. Nd2 Qc7 23. f3 b6 24. Rbf1 f4 25. Qg1 Rb8 26. Bd3 Nf8 27. Rb1 Bc8 28.
Qc1 Nd7 29. Qa3 Qd8 30. Rhg1 Rb7 31. Rb2 Nf8 32. Rbb1 Rfc7 33. b4 cxb4 34. Qxb4 Qe7 35. Na2 Nd7 36. Nc1 Nc5 37. Ncb3 Naxb3 38. Nxb3 a5 39. Qa3 Na6 40. Nd2 Bd7 41. Bc2 Nb4 42.
Rxb4 axb4 43. Qxb4 Be8 44. Bb3 Rc5 45. Nb1 Qd7 46. Rh1 Qc8 47. Na3 Qa8 48. Rb1 Qc8 49. Rh1 Bd7 50. Kf2 Qc7 51. Kg2 Ra7 52. Ra1 Ra6 53. Nc2 Bc8 54. Ne1 Qd7 55. Kf2 Qh3 0-1

[Event "Early-Titled-Tuesday-Blitz-April-16-2024"]
[Site "Chess.com"]
[Date "2024.04.16"]
[Round "7"]
[White "esrosenberg"]
[Black "H3nriqueTV"]
[Result "1-0"]
[WhiteElo "2382"]
[BlackElo "2288"]
[TimeControl "180+1"]
[EndTime "9:21:24 PDT"]
[Termination "esrosenberg won by resignation"]

1. d4 d5 2. Nf3 c6 3. g3 Bf5 4.
Bg2 e6 5. c4 Nf6 6. Qb3 b6 7. Nc3 Nbd7 8. Nh4 Bg4 9. h3 Bh5 10.
g4 Bg6 11. Nxg6 hxg6 12. Bf4 Be7 13. O-O-O a5 14. e4 dxe4 15. Nxe4 Nxe4 16. Bxe4 Qc8 17.
Kb1 a4 18. Qc2 Ra5 19. Bxg6 b5 20. c5 b4 21. Rde1 O-O 22. Bh7+ Kh8 23. Bd3 b3 24.
Qe2 Bf6 25. Qe4 g6 26. Bd6 bxa2+ 27. Ka1 a3 28. b4 Qb7 29. Re2 Qxb4 30. Kxa2 Nxc5 31.
dxc5 Qc3 32. Qc4 Qb2+ 33. Rxb2 axb2+ 34. Kb3 Rfa8 35. g5 Bg7 36. Rb1 Ra3+ 37. Kc2 Rc3+ 38.
Qxc3 Bxc3 39. Kxc3 Ra3+ 40. Kd2 Rb3 41. Be5+ Kg8 42. Rxb2 Ra3 1-0

[Event "Early-Titled-Tuesday-Blitz-April-16-2024"]
[Site "Chess.com"]
[Date "2024.04.16"]
[Round "7"]
[White "only_strong_moves"]
[Black "zverr1"]
[Result "1-0"]
[WhiteElo "2646"]
[BlackElo "2515"]
[TimeControl "180+1"]
[EndTime "9:21:25 PDT"]
[Termination "only_strong_moves won by checkmate"]

1. d4 Nf6 2. c4 g6 3. Nf3 Bg7 4. Nc3 d5 5. cxd5 Nxd5 6. e4 Nxc3 7. bxc3 c5 8. Bb5+ Nc6 9. O-O O-O 10. Be3 cxd4 11.
cxd4 a6 12. Bxc6 bxc6 13. Qa4 Qd6 14. Rac1 Bd7 15. Rc5 Rfb8 16. Qc2 Rb5 17. Rc4 Rab8 18. Qa4 a5 19. Rfc1 h6 20. h3 Kh7 21. g3 g5 22. h4 Qg6 23. Qc2 g4 24. Ne1 Rb2 25. Qd3 Qf6 26. Ng2 R8b4 27. Nf4 Qd6 28. e5+ Qg6 29.
Nxg6 fxg6 30. Rxb4 axb4 31. Qc4 Bf5 32. Qxc6 Rxa2 33.
Qc5 b3 34. Qc4 Bc2 35. Rxc2 Rxc2 36. Qxb3 Rc6 37. Qd5 Rc7 38. Qe6 Rb7 39. d5 Bf8 40. h5 gxh5 41. Qf7+ Bg7 42. d6 Rb1+ 43. Kg2 exd6 44.
Qf5+ Kh8 45. Qxb1 dxe5 46. Qg6 h4 47. Bxh6 h3+ 48. Kh2 Bxh6 49. Qxh6+ Kg8 50. Qg6+ Kh8 51. Qxg4 e4 52. Kxh3 e3 53. fxe3 Kh7 54. Kg2 Kh6 55.
Kf3 Kh7 56. Kf4 Kh6 57. Kf5 Kh7 58. Kf6 Kh6 59. Qh3# 1-0

[Event "Early-Titled-Tuesday-Blitz-April-16-2024"]
[Site "Chess.com"]
[Date "2024.04.16"]
[Round "7"]
[White "cansun"]
[Black "yuriydovzik"]
[Result "1-0"]
[WhiteElo "2384"]
[BlackElo "2136"]
[TimeControl "180+1"]
[EndTime "9:21:25 PDT"]
[Termination "cansun won by checkmate"]

1. d4 Nf6 2. c4 e6 3. Nf3 b6 4.
g3 Bb7 5. Bg2 Be7 6. O-O O-O 7.
Nc3 d5 8. Ne5 Nbd7 9. Qa4 Nxe5 10. dxe5 Nd7 11. cxd5 Nxe5 12. dxe6 Bxg2 13. exf7+ Rxf7 14.
Kxg2 c5 15. Bf4 Ng6 16. Be3 Qc7 17. Rad1 Bf6 18. Nd5 Qb7 19. Qb3 Be5 20. Kg1 Kh8 21. Nc3 Raf8 22. Qd5 Bxc3 23. bxc3 Qc8 24. Rd2 Rf5 25.
Qd7 Qa8 26. Rfd1 Ne5 27. Qxf5 Rxf5 28. Rd8+ Rf8 29. Rxa8 Rxa8 30. Bf4 Nc4 31. Rd7 Kg8 32. e4 a5 33. e5 Re8 34. Rd5 Kf7 35. Rd7+ Kg6 36.
h4 h6 37. h5+ Kxh5 38. Rxg7 Nxe5 39. Kg2 Re6 40. Kh3 Ng6 41. g4# 1-0

[Event "Early-Titled-Tuesday-Blitz-April-16-2024"]
[Site "Chess.com"]
[Date "2024.04.16"]
[Round "7"]
[White "Revan_2002"]
[Black "Levanzovsky"]
[Result "1-0"]
[WhiteElo "2726"]
[BlackElo "2505"]
[TimeControl "180+1"]
[EndTime "9:21:27 PDT"]
[Termination "Revan_2002 won on time"]

1. Nf3 Nf6 2. g3 d6 3. d4 Bg4 4. Bg2 Nc6 5. c4 e5 6. d5 Ne7 7. Nc3 g6 8. O-O Bg7 9. c5 O-O 10. cxd6 cxd6 11. h3 Bf5 12. Be3 Ne4 13. Nh4 Nxc3 14.
bxc3 Bd7 15. c4 f5 16. c5 e4 17. Bg5 Qe8 18. Qb3 Kh8 19. cxd6 Nc8 20. Qxb7 Nxd6 21. Qa6 Nf7 22. Be3 g5 23. Nxf5 Bxf5 24. Rac1 Qe5 25. Rfd1 Rac8 26. Rxc8 Rxc8 27. Qxa7 Nd6 28. Bd4 Nb5 29. Bxe5 Nxa7 30. Bd6 Nb5 31. Be7 Re8 32. d6 Bd7 33. Bxe4 Be5 34. Bf3 Kg7 35. Bxg5 Bf6 36. Bf4 Nd4 37. Kg2 Nxe2 38. Re1 Nxf4+ 39. gxf4 1-0